 Dungeon Crawl Stone Soup version 0.31.0-12-g77e489cdc1 (webtiles) character file.

Game seed: 7080786550533205619

1379 Cheops the Changeling (level 8, 0/50 HPs)
             Began as an Octopode Shapeshifter on Feb 27, 2024.
             Was a Believer of Uskayaw.
             Slain by an ice beast (2 damage)
             ... on level 6 of the Dungeon.
             The game lasted 00:30:58 (8506 turns).

Cheops the Changeling (Octopode Shapeshifter)       Turns: 8506, Time: 00:30:58

Health: 0/50       AC:  1    Str: 15    XL:     8   Next: 66%
Magic:  9/10       EV: 18    Int: 12    God:    Uskayaw [**....]
Gold:   61         SH:  0    Dex: 12    Spells: 7/7 levels left

rFire   . .          .
                       - Unarmed
rCold   . . .        (shield currently unavailable)
rNeg    . . .        (helmet restricted)
rPois   .            e - amulet of the acrobat
rElec   .            j - ring of resist corrosion
rCorr   +            (no ring)
SInv    .            (no ring)
Will    .....        (no ring)
Stlth   +            (no ring)
HPRegen 0.28/turn    (no ring)
MPRegen 0.12/turn    (no ring)
                     (no ring)

%: acrobat
@: flux-form, glowing
A: glow, contaminating, almost no armour, amphibious, 8 rings, camouflage 1,
gelatinous body 1, (nimble swimmer 1), tentacles
a: Begin Untransformation, Renounce Religion, Stomp, Line Pass


You were on level 6 of the Dungeon.
You worshipped Uskayaw.
Uskayaw was noncommittal.
You were something dangerously unstable.
You visited 2 branches of the dungeon, and saw 7 of its levels.

You collected 301 gold pieces.
You spent 240 gold pieces at shops.

Inventory:

Hand Weapons
 a - a +2 dagger of venom
Missiles
 t - 45 stones (quivered)
 v - 10 poisoned darts
 x - 13 boomerangs
 y - 4 curare-tipped darts
Jewellery
 e - an amulet of the acrobat (around mantle)
 j - a ring of resist corrosion (left tentacle)
Talismans
 b - a beast talisman
 c - a flux talisman (active)
Wands
 p - a wand of polymorph (8)
Scrolls
 f - 3 scrolls of enchant weapon {unknown}
 g - a scroll of revelation
 k - a scroll of blinking
 n - 2 scrolls of fog
 o - 3 scrolls of teleportation {unknown}
Potions
 d - 3 potions of curing
 l - a potion of degeneration
 m - 2 potions of lignification
 q - 2 potions of attraction
 r - 2 potions of mutation
 s - a potion of enlightenment
 u - a potion of berserk rage


   Skills:
 - Level 2.0 Fighting
 - Level 0.5 Throwing
 - Level 5.0 Dodging
 - Level 5.0 Unarmed Combat
 * Level 2.9 Invocations
 - Level 3.0 Evocations
 - Level 7.0 Shapeshifting


You had 7 spell levels left.
You didn't know any spells.
Your spell library contained the following spells:

 Spells                   Type           Power      Damage    Failure   Level
 Necrotise                Necr           0%         1d4       32%         1
 Sandblast                Erth           0%         2d4       32%         1
 Fugue of the Fallen      Necr           0%         N/A       69%         3
 Ozocubu's Armour         Ice            0%         N/A       69%         3
 Passwall                 Erth           0%         N/A       69%         3
 Stone Arrow              Conj/Erth      0%         3d7       69%         3
 Vampiric Draining        Necr           0%         2d6       69%         3
 Brom's Barrelling Bould  Conj/Erth      0%         2d3       97%         4
 Manifold Assault         Tloc           0%         N/A       97%         4
 Martyr's Knell           Necr/Summ      0%         N/A       97%         4
 Curse of Agony           Necr           0%         N/A       100%        5


Dungeon Overview and Level Annotations

Branches:
Dungeon (6/15)             Temple (1/1) D:5

Altars:
Ashenzari
Cheibriados
Elyvilon
Gozag
Hepliaklqana
Kikubaaqudgha
Nemelex Xobeh
Okawaru
Qazlal
Ru
Sif Muna
Trog
Uskayaw
Vehumet
Wu Jian
Xom
Yredelemnul
Zin
The Shining One

Shops:
D:1 ?:


Innate Abilities, Weirdness & Mutations

You are something dangerously unstable.
You glow with magical radiation, making you easy to see and hit.
Foes you strike become dangerously contaminated with magical radiation.
You are incapable of wielding weapons or throwing items.
You cannot wear most types of armour.
You are amphibious.
You can wear up to eight rings at the same time.
Your skin changes colour to match your surroundings (Stealth+).
Your rubbery body absorbs attacks. (AC +1, EV +1)
((You are camouflaged when in or above water. (Stealth+)))
You have tentacles for arms and can constrict up to eight enemies at once.


Message History

The centaur misses you. The centaur barely misses you. The centaur hits you.
* * * LOW HITPOINT WARNING * * *
The centaur completely misses you.
Unknown command.
Unknown command.
Unknown command.
You tentacle-slap the centaur.
The centaur shudders as magic cascades through it!!
You kill the centaur!
The ice beast barely misses you.
You can now pass through a line of other dancers.
Training target 3.0 for Evocations reached!
Your Invocations skill increases to level 2!
Your Evocations skill increases to level 3!
You tentacle-slap the ice beast.
The ice beast begins to glow.
You squeeze the ice beast.
The ice beast is moderately wounded.
The ice beast hits you.
* * * LOW HITPOINT WARNING * * *
The ice beast freezes you!
* * * LOW HITPOINT WARNING * * *
Unknown command.
Unknown command.
Unknown command.
You tentacle-slap the ice beast but do no damage.
The ice beast glows dangerously bright.
The ice beast is moderately wounded.
The ice beast hits you.
* * * LOW HITPOINT WARNING * * *
The ice beast freezes you!
* * * LOW HITPOINT WARNING * * *
Unknown command.
Unknown command.
Unknown command.
You tentacle-slap the ice beast but do no damage.
The ice beast shudders as magic cascades through it!
The ice beast twists and deforms.
You squeeze the ice beast.
The ice beast is severely wounded.
The ice beast hits you.
You die...

#.##.#.####.# #.#
#.##..<####.###.#
.........##.....#
................#
.).#.#.......##.#
))...######..##.# #
...#.######..##.# ..#
..........#..##.###....#
................pY.....#
....#####.##.#...).....#
....# #.##.#......####
...## #.##.#......# #...
#.##.#......# ..#.
#....#........ ..
............###
#####.......# .


You could see an ice beast (misshapen).

Vanquished Creatures
  Grinder (D:4)
  2 water moccasins
  An ice beast (D:5)
  2 ogres (D:5)
  2 centaurs
  2 jellies (D:5)
  2 hounds
  4 iguanas
  A sleepcap (D:4)
  Ijyb (D:3)
  An orc wizard (D:5)
  7 gnolls
  5 adders
  A white imp (D:5)
  2 ufetubi (D:5)
  3 dart slugs
  2 ribbon worms
  12 orcs
  11 ball pythons
  5 endoplasms
  5 giant cockroaches
  5 goblins
  4 hobgoblins
  2 jackals (D:5)
  8 kobolds
  2 quokkas
  8 bats
  5 frilled lizards
  7 rats
113 creatures vanquished.

Notes
Turn   | Place    | Note
-------+----------+-------------------------------------------
     0 | D:1      | Cheops the Octopode Shapeshifter began the quest for the
                  | Orb.
     0 | D:1      | Reached XP level 1. HP: 13/13 MP: 1/1
    26 | D:1      | Found Muckasam's Magic Scroll Boutique.
   133 | D:1      | Found Beiw Febre's Vocational Training.
   144 | D:1      | Reached XP level 2. HP: 15/19 MP: 2/2
   448 | D:1      | Found a faded altar of an unknown god.
   835 | D:1      | Reached XP level 3. HP: 23/24 MP: 3/3
   877 | D:1      | Bought a scroll of identify for 26 gold pieces
  1112 | D:2      | Found a glowing golden altar of the Shining One.
  1683 | D:1      | Bought a scroll of fog for 52 gold pieces
  1838 | D:3      | Reached XP level 4. HP: 29/29 MP: 4/4
  1990 | D:3      | Noticed Ijyb
  2017 | D:3      | Killed Ijyb
  2062 | D:3      | Reached skill level 5 in Unarmed Combat
  2062 | D:3      | Reached XP level 5. HP: 27/34 MP: 5/5
  2595 | D:4      | Found a snail-covered altar of Cheibriados.
  2639 | D:4      | Noticed Grinder
  2651 | D:4      | Killed Grinder
  2652 | D:4      | Reached skill level 5 in Shapeshifting
  2652 | D:4      | Reached XP level 6. HP: 21/39 MP: 6/6
  3170 | D:4      | Found a white marble altar of Elyvilon.
  3170 | D:4      | Found a sparkling altar of Nemelex Xobeh.
  3317 | D:1      | Bought a scroll of blinking for 97 gold pieces
  3317 | D:1      | Bought a scroll of noise for 13 gold pieces
  3343 | D:3      | Reached XP level 7. HP: 39/45 MP: 7/7
  3628 | D:5      | Entered Level 5 of the Dungeon
  3639 | D:5      | Reached skill level 6 in Shapeshifting
  3940 | D:5      | Found a staircase to the Ecumenical Temple.
  3960 | Temple   | Entered the Ecumenical Temple
  4033 | Temple   | Became a worshipper of Uskayaw the Reveller
  4120 | D:5      | Reached * piety under Uskayaw
  4122 | D:5      | HP: 1/45 [ice beast (10)]
  4123 | D:5      | Reached ** piety under Uskayaw
  4125 | D:5      | Reached skill level 7 in Shapeshifting
  4303 | D:5      | Reached *** piety under Uskayaw
  4329 | D:5      | Reached XP level 8. HP: 45/50 MP: 8/8
  4459 | D:5      | Reached **** piety under Uskayaw
  4462 | D:5      | Reached skill level 5 in Dodging
  5322 | D:1      | Found Muckasam's Magic Scroll Boutique.
  5341 | D:1      | Found Beiw Febre's Vocational Training.
  5929 | D:1      | Found a faded altar of an unknown god.
  6181 | D:2      | Found a glowing golden altar of the Shining One.
  7335 | D:4      | Found a snail-covered altar of Cheibriados.
  7667 | D:4      | Found a sparkling altar of Nemelex Xobeh.
  7669 | D:4      | Found a white marble altar of Elyvilon.
  7825 | D:5      | Found a staircase to the Ecumenical Temple.
  8282 | D:1      | Bought a scroll of identify for 26 gold pieces
  8282 | D:1      | Bought a scroll of identify for 26 gold pieces
  8400 | D:6      | Reached skill level 1 in Invocations
  8505 | D:6      | HP: 2/50 [ice beast (14)]
  8506 | D:6      | Slain by an ice beast

Illustrated notes

Levels and vault maps discovered:
D:1:      spicycebolla_arrival_clurvy, layout_basic,
          shapermc_ecumenical_altar_mp_highgroup, serial_shops, shop,
          nicolae_shop_vocational
D:2:      layout_basic, basic_altar, minmay_small_reverse_x
D:3:      layout_loops_ring, wad_floor_pattern_untrapped,
          dreamdust_princess_corridor, supply_closet_lemuel,
          hangedman_decor_riveting, uniq_ijyb
D:4:      layout_layer_cave, jmf_multi_god_temple, lemuel_tele_altar,
          uniq_grinder
D:5:      layout_rooms, minmay_temple_entry_slanted,
          cheibrodos_sewer_entry_sluice, minmay_joined_circles
D:6:      layout_basic, marbit_many_paths, uniq_duvessa
Temple:   minmay_temple_bridge_d

Skill      XL: |  1  2  3  4  5  6  7  8 |
---------------+-------------------------+-----
Fighting       | 2 |  2.0
Unarmed Combat | 4 5 |  5.0
Shapeshifting  | 5 7 |  7.0
Dodging        | 3 5 |  5.0
Evocations     | 3 |  3.0
Invocations    | 2 |  2.9
Throwing       | |  0.5

Action                     |  1- 3 |  4- 6 |  7- 9 || total
---------------------------+-------+-------+-------++-------
  Melee: Unarmed           |    80 |    79 |   126 ||   285
         Constrict         |    22 |    18 |    34 ||    74
         Tentacles         |    12 |    13 |    36 ||    61
         Punch             |       |     1 |       ||     1
Ability: Begin Untransform |     1 |     1 |     3 ||     5
    Use: Scroll            |     1 |     3 |     8 ||    12
   Stab: Sleeping          |    10 |     2 |     2 ||    14
         Distracted        |       |       |     1 ||     1
         Paralysed         |       |       |     1 ||     1
 Armour: Skin              |    19 |    20 |    57 ||    96
  Dodge: Dodged            |    66 |    51 |   153 ||   270
   Form: Beast             |     1 |       |     1 ||     2
         Flux              |       |     1 |     3 ||     4
